 Dungeon Crawl Stone Soup version 0.20.1-1-g8b1a95d (webtiles) character file.

314 Jannitor the Skirmisher (level 6, -2/68 HPs)
             Began as an Ogre Chaos Knight on Sept 3, 2017.
             Hit by a stone thrown by an orc warrior (16 damage)
             ... on level 4 of the Dungeon.
             The game lasted 00:04:01 (2545 turns).

Jannitor the Skirmisher (Ogre Chaos Knight)         Turns: 2545, Time: 00:04:02

Health: -2/68      AC:  5    Str: 17    XL:     6   Next: 43%
Magic:  5/5        EV: 11    Int: 13    God:    Xom [...*..]
Gold:   26         SH:  0    Dex: 12    Spells: 5/5 levels left

rFire    . . .     SeeInvis .   a - +0 mace (chaos)
rCold    . . .     Gourm    .   (no shield)
rNeg     . . .     Faith    .   b - +2 robe
rPois    .         Spirit   .   (helmet restricted)
rElec    .         Reflect  .   (no cloak)
rCorr    .         Harm     .   (gloves unavailable)
MR       .....                  (boots unavailable)
Stlth    +.........             (no amulet)
Regen    0.3/turn               (no ring)
MPRegen  0.1/turn               (no ring)

@: no status effects
A: unfitting armour, agile 1, low mp 1, mutation resistance 1, sense
surroundings 1, tough skin 1
a: Renounce Religion


You were on level 4 of the Dungeon.
You worshipped Xom.
You were a favourite toy of Xom.
You were hungry.

You visited 1 branch of the dungeon, and saw 4 of its levels.

You collected 194 gold pieces.
You spent 168 gold pieces at shops.

Inventory:

Hand Weapons
 a - a +0 mace of chaos (weapon)
Armour
 b - a +2 robe (worn)
Jewellery
 s - a cursed -3 ring of evasion {unknown}
 t - an uncursed ring of positive energy {unknown}
Wands
 o - a wand of polymorph (13/24)
Scrolls
 e - 4 scrolls of identify {unknown}
 f - 2 scrolls of fear {unknown}
 k - a scroll of noise {unknown}
 l - 3 scrolls of teleportation {unknown}
 r - a scroll of enchant armour {unknown}
 v - 2 scrolls of recharging {unknown}
Potions
 d - 2 potions of lignification
 g - a potion of curing
 p - 2 potions of ambrosia {unknown}
 u - 2 potions of brilliance {unknown}
 w - a potion of heal wounds
 x - a potion of might
Comestibles
 c - 3 bread rations
 h - 2 meat rations
 n - 2 royal jellies
 q - 3 fruits


   Skills:
 + Level 6.3 Fighting
 + Level 4.3 Maces & Flails
 + Level 3.7 Dodging


You had 5 spell levels left.
You didn't know any spells.

Dungeon Overview and Level Annotations

Branches:
Dungeon (4/15)             Temple (0/1) D:4

Altars:
Gozag
Yredelemnul

Shops:
D:4 !


Innate Abilities, Weirdness & Mutations

You are too large for most types of armour.
You have tough skin. (AC +1)
You are agile. (Dex +2)
Your magical capacity is low. (-10% MP)
You are somewhat resistant to further mutation.
You passively map a small area around you.


Message History

The orc warrior hits you with a short sword!
The orc hits you with a mace. The orc warrior barely misses you.
You are too injured to fight recklessly!
You are too injured to fight recklessly!
You are too injured to fight recklessly!
You hit the orc warrior. You burn the orc warrior.
The orc warrior is severely wounded.
The orc barely misses you.
The orc warrior hits you with a short sword.
You closely miss the orc warrior.
The orc warrior is severely wounded.
The orc hits you with a mace.
The orc warrior hits you with a short sword.
You see here a stone.
You hit the orc. You burn the orc.
The orc is heavily wounded.
The orc warrior throws a stone.
The stone hits you!
* * * LOW HITPOINT WARNING * * *
The orc barely misses you.
The orc warrior throws a stone.
The stone hits you!
You die...

#########.# , , , .. .#
#......##.# ** ### ## #.#.#
#......##.# , ...#. ....#
#......##.# #.#
###.#.###.#.####......##.##
................... +...........
##.#.#..#...),..#.####......##.##
..........#).###............##.#
.#.#..#.#....o.(@..(.#......##.#
.#.#......#.#.#o#(#..#.#######.#
.#.#...#.....................#.#
.#<.....#.#.......#..#.......#.#
.#......#............#########.#
.......##.#...>...#......... ..#
[#..................############
..###.....#.......#.# #...# ..#
#.#.#...........######.#.#


You could see an orc warrior and an orc.

Vanquished Creatures
  A boggart (shapeshifter) (D:3)
  A howler monkey (D:3)
  Jessica (D:2)
  An orc wizard (D:4)
  4 adders
  2 oozes (D:1)
  5 worms
  A dart slug (D:1)
  5 leopard geckos
  6 orcs (D:4)
  6 bats
  6 giant cockroaches
  7 goblins
  8 hobgoblins
  4 ball pythons
  2 frilled lizards
  10 kobolds
  5 rats
75 creatures vanquished.

Vanquished Creatures (others)
  A bat (D:1)
  A rat (D:1)
2 creatures vanquished.

Grand Total: 77 creatures vanquished

Notes
Turn   | Place    | Note
-------+----------+-------------------------------------------
     0 | D:1      | Jannitor the Ogre Chaos Knight began the quest for the Orb.
     0 | D:1      | Reached XP level 1. HP: 24/24 MP: 1/1
    66 | D:1      | XOM: divination: detect items
   189 | D:1      | XOM: cloud trail
   234 | D:1      | Reached XP level 2. HP: 30/32 MP: 2/2
   506 | D:1      | Reached XP level 3. HP: 39/40 MP: 3/3
   730 | D:1      | XOM: harmless Hex miscast
  1169 | D:2      | XOM: silly message
  1304 | D:2      | XOM: cloud trail
  1317 | D:2      | Found an opulent altar of Gozag.
  1320 | D:2      | Reached XP level 4. HP: 44/49 MP: 4/4
  1335 | D:2      | Noticed Jessica
  1339 | D:2      | Reached skill level 5 in Fighting
  1343 | D:2      | Killed Jessica
  1438 | D:2      | Found a basalt altar of Yredelemnul.
  1781 | D:3      | Reached XP level 5. HP: 57/57 MP: 5/5
  1788 | D:3      | Noticed a swamp drake
  1788 | D:3      | a howler monkey changed into a swamp drake
  1788 | D:3      | XOM: polymorph howler monkey -> swamp drake
  1790 | D:3      | a swamp drake changed into a howler monkey
  1796 | D:3      | Noticed a centaur
  1796 | D:3      | a howler monkey changed into a centaur
  1797 | D:3      | Noticed a boggart
  1797 | D:3      | a centaur changed into a boggart
  1803 | D:3      | Killed a boggart
  1807 | D:3      | Reached skill level 6 in Fighting
  1807 | D:3      | Reached XP level 6. HP: 60/67 MP: 6/6
  1811 | D:3      | Gained mutation: Your magical capacity is low. (-10% MP) [mutagenic meat]
  1812 | D:3      | Gained mutation: You passively map a small area around you. [mutagenic meat]
  1813 | D:3      | Gained mutation: You are resistant to hostile enchantments. (MR+) [mutagenic meat]
  2233 | D:4      | XOM: scenery: 1 doors open
  2253 | D:4      | Found a staircase to the Ecumenical Temple.
  2303 | D:4      | Found Tuuskin Vung's Distillery.
  2306 | D:4      | Bought a potion of heal wounds for 70 gold pieces
  2306 | D:4      | Bought a potion of might for 56 gold pieces
  2306 | D:4      | Bought a potion of lignification for 42 gold pieces
  2466 | D:4      | Lost mutation: You are resistant to hostile enchantments. (MR+) [potion of mutation]
  2466 | D:4      | Gained mutation: You are agile. (Dex +2) [potion of mutation]
  2466 | D:4      | Gained mutation: You are somewhat resistant to further mutation. [potion of mutation]
  2528 | D:4      | Noticed an orc warrior
  2545 | D:4      | Hit by a stone thrown by an orc warrior

Skill      XL: |  1  2  3  4  5 |
---------------+----------------+-----
Maces & Flails | 3 4 |  4.3
Fighting       | 5 6 |  6.3
Dodging        | 3 |  3.7

Action                   |  1- 3 |  4- 6 || total
-------------------------+-------+-------++-------
Melee: Mace              |   112 |   144 ||   256
  Use: Potion            |       |     4 ||     4
 Stab: Petrified         |       |     4 ||     4
       Petrifying        |       |     1 ||     1
  Eat: Chunk             |     1 |     7 ||     8
Armor: Robe              |    60 |    46 ||   106
Dodge: Dodged            |    69 |    71 ||   140
